AoeStats
← kiwi41396

Arena

510236761Analyzed
2v2 RM · 2d ago on Sep 30, 2026· 37m 23s· 4 players
Game mode
Random Map
Map size
Medium (4 player)
Population
200
Speed
Normal
Resources
Standard
Victory
Conquest
Starting age
Dark Age
Ending age
Imperial Age
RankedLock teamsTeams togetherTeam positionsShared explorationLock speedFull tech treeHidden civsTurbo modeCheats
Victory
Defeat
🇨🇱 Franks · Chile
533
+25
🇨🇱 Japanese · Chile
533
+25
🇦🇷 Goths · Argentina
579
-18
🇦🇷 Cumans · Argentina
570
-18
pensandobrigido1
12:23 Feudal Age
13:44 Double-Bit Axe
18:05 Castle Age
16:52 Gold Mining
22:20 Wheelbarrow
22:38 Husbandry
23:42 Scale Barding Armor
23:38 Scale Mail Armor
23:53 Forging
27:23 Stone Mining
28:09 Gold Shaft Mining
27:53 Bow Saw
28:03 Hand Cart
el 3.14chula
11:18 Feudal Age
12:27 Double-Bit Axe
15:45 Horse Collar
20:32 Castle Age
25:09 Gold Mining
25:11 Stone Mining
29:23 Forging
29:13 Scale Mail Armor
30:12 Gold Shaft Mining
30:38 Bow Saw
30:14 Man-at-Arms
30:57 Squires
30:47 Gambesons
32:06 Heavy Plow
33:27 Iron Casting
36:47 Imperial Age
36:26 Chain Mail Armor
38:17 Wheelbarrow
kiwi41396
12:25 Feudal Age
17:38 Man-at-Arms
25:14 Forging
27:10 Castle Age
25:35 Double-Bit Axe
25:33 Horse Collar
26:30 Gold Mining
Dinosaurio Wachiturro
12:03 Feudal Age
14:47 Double-Bit Axe
18:01 Forging
21:20 Horse Collar
22:50 Fletching
23:01 Scale Mail Armor
23:03 Padded Archer Armor
27:03 Castle Age
26:15 Gold Mining
26:17 Stone Mining
26:22 Arson
26:30 Loom
27:13 Capped Ram
27:50 Pikeman
28:53 Elite Skirmisher
30:03 Squires
31:28 Bodkin Arrow
35:15 Town Watch
39:46 Imperial Age
Connection lost

Rejoining the realm…

Still unreachable

The connection could not be restored.

Session expired

The server has moved on; the page needs a fresh start.